 Dungeon Crawl Stone Soup version 0.28-b1-1-g3c77fb2ed1 (webtiles) character file.

Game seed: 9908978920445908964

820 belegose the Sneak (level 7, -3/41 HPs)
             Began as an Octopode Fire Elementalist on Jan 31, 2022.
             Slain by a gnoll (14 damage)
             ... on level 4 of the Dungeon.
             The game lasted 00:14:49 (5928 turns).

belegose the Sneak (Octopode Fire Elementalist)     Turns: 5928, Time: 00:14:49

Health: -3/41      AC:  1    Str:  8    XL:     7   Next: 95%
Magic:  9/12       EV: 14    Int: 19    God:
Gold:   157        SH:  0    Dex: 12    Spells: 9/13 levels left

rFire   . . .      SeeInvis +   g - +0 dagger (drain)
rCold   . . .      Faith    .   (no shield)
rNeg    . . .      Spirit   .   (helmet restricted)
rPois   .          Reflect  .   (no amulet)
rElec   .          Harm     .   x - ring of see invisible
rCorr   .          Rampage  .   (no ring)
Will    .....                   (no ring)
Stlth   ++++......              (no ring)
HPRegen 0.13/turn               (no ring)
MPRegen 0.13/turn               (no ring)
                                (no ring)
                                (no ring)

@: no status effects
A: almost no armour, amphibious, 8 rings, camouflage 1, gelatinous body 1,
(nimble swimmer 1), tentacles
a: no special abilities


You were on level 4 of the Dungeon.
You visited 1 branch of the dungeon, and saw 4 of its levels.

You collected 157 gold pieces.

Inventory:

Hand Weapons
 g - a +0 dagger of draining (weapon)
 r - a +0 trident of protection
Missiles
 b - 71 stones
 m - 3 poisoned darts
 v - 2 javelins
Magical Staves
 a - a staff of conjuration
Jewellery
 x - a ring of see invisible (left tentacle)
Scrolls
 c - 2 scrolls of teleportation {unknown}
 e - a scroll of immolation {unknown}
 f - 2 scrolls of vulnerability {unknown}
 j - a scroll of fear {unknown}
 k - a scroll of identify {unknown}
 l - a scroll of fog {unknown}
 n - a scroll of enchant weapon {unknown}
 p - a scroll of blinking {unknown}
 s - a scroll of torment {unknown}
 u - a scroll of amnesia {unknown}
 w - a scroll of noise {unknown}
Potions
 d - 2 potions of brilliance {unknown}
 h - a potion of lignification {unknown}
 i - a potion of resistance
 o - a potion of attraction {unknown}
 q - a potion of heal wounds {unknown}
 t - a potion of ambrosia {unknown}


   Skills:
 + Level 4.3 Dodging
 + Level 6.0 Stealth
 + Level 3.8 Spellcasting
 + Level 3.8 Conjurations
 + Level 4.8 Fire Magic


You had 9 spell levels left.
You knew the following spells:

 Your Spells              Type           Power      Damage    Failure   Level
a - Foxfire               Conj/Fire      80%        2x1d8     2%          1
b - Conjure Flame         Conj/Fire      20%        6-21      7%          3

Your spell library contained the following spells:

 Spells                   Type           Power      Damage    Failure   Level
 Scorch                   Fire           44%        2d7       2%          2
 Freeze                   Ice            12%        1d4       14%         1
 Inner Flame              Hex/Fire       12%        N/A       16%         3
 Flame Wave               Conj/Fire      20%        2d7       24%         4
 Frozen Ramparts          Ice            6%         1d2       38%         3
 Hailstorm                Conj/Ice       11%        3d5       54%         4


Dungeon Overview and Level Annotations

Branches:
Dungeon (4/15)
 Temple: D:4-7

Altars:
Elyvilon


Innate Abilities, Weirdness & Mutations

You cannot wear most types of armour.
You are amphibious.
You can wear up to eight rings at the same time.
Your skin changes colour to match your surroundings (Stealth+).
Your rubbery body absorbs attacks. (AC +1, EV +1)
((You are camouflaged when in or above water. (Stealth+)))
You have tentacles for arms and can constrict up to eight enemies at once.


Message History

The gnoll shaman is moderately wounded.
A gnoll comes into view. It is wielding a +0 club.
Casting: Foxfire (safe; 2% risk of failure)
Confirm with . or Enter, or press ? or * to list all spells.
You conjure some foxfire!
The gnoll shouts!
The foxfire hits the gnoll shaman but does no damage.
The gnoll shaman is moderately wounded.
You hit the gnoll shaman but do no damage.
You drain the gnoll shaman. You grab the gnoll shaman.
The gnoll shaman is heavily wounded.
You constrict the gnoll shaman, but do no damage.
The foxfire hits the gnoll shaman.
The gnoll shaman is heavily wounded.
The gnoll misses you.
You release your grip on the gnoll shaman.
The gnoll shouts!
The gnoll misses you. The gnoll shaman misses you.
You barely miss the gnoll shaman. You grab the gnoll shaman.
You squeeze the gnoll shaman.
The gnoll shaman is almost dead.
You constrict the gnoll shaman, but do no damage.
The gnoll misses you.
The gnoll shaman hits you with a +0 club!
The gnoll closely misses you.
Your magical contamination has completely faded away.
You hit the gnoll shaman but do no damage.
You squeeze the gnoll shaman.
The gnoll shaman is almost dead.
You constrict the gnoll shaman, but do no damage.
The gnoll hits you from afar with a +0 halberd.
The gnoll shaman hits you with a +0 club!
You hit the gnoll shaman but do no damage.
The gnoll shaman is almost dead.
You constrict the gnoll shaman.
You kill the gnoll shaman!
The gnoll hits you from afar with a +0 halberd.
* * * LOW HITPOINT WARNING * * *
The gnoll hits you from afar with a +0 halberd!
You die...

..$......#.#
#...##>#.#<......
.#######.#.#
#...##.#.#.##.#..
#.........#
##'#...#......#
#.#####.###
#.#.#####)##.#
#.#..g#.# #...#
#..#Z# .#.#.#.#.#
############.#.###
...g.#.#.#
#..............>Z.
$#.###.#.#
#.#########.......
#. #[#.#######@#
....##### #.
#.g....ggg).#
......'. ##
#.###########
#......### ## #.#
#......# #l #.#
#......# #B####.#
.......# .....#.#
.....#.# .....#.#


You could see 3 gnolls.

Vanquished Creatures
  Grinder (D:3)
  An ogre (D:3)
  A howler monkey (D:3)
  A hound (D:3)
  A gnoll shaman (D:4)
  2 orc wizards (D:3)
  24 gnolls (D:3)
  2 adders
  A worm (D:3)
  26 orcs
  9 bats
  6 endoplasms
  3 giant cockroaches
  8 goblins
  9 hobgoblins
  14 jackals
  6 quokkas
  7 ball pythons
  2 frilled lizards
  3 kobolds
  3 rats (D:1)
130 creatures vanquished.

Vanquished Creatures (collateral kills)
  A foxfire (D:3)
1 creature vanquished.

Vanquished Creatures (others)
  An orc wizard (D:3)
  231 foxfires
  A plant (D:3)
233 creatures vanquished.

Grand Total: 364 creatures vanquished

Notes
Turn   | Place    | Note
-------+----------+-------------------------------------------
     0 | D:1      | belegose the Octopode Fire Elementalist began the quest for
                  | the Orb.
     0 | D:1      | Reached XP level 1. HP: 11/11 MP: 3/3
   161 | D:1      | Reached XP level 2. HP: 17/17 MP: 0/5
   270 | D:1      | Reached skill level 3 in Stealth
   754 | D:1      | Found a faded altar of an unknown god.
   763 | D:1      | Reached XP level 3. HP: 21/21 MP: 6/6
  2815 | D:3      | Reached XP level 4. HP: 27/27 MP: 7/7
  3583 | D:3      | Reached skill level 4 in Stealth
  3583 | D:3      | Reached XP level 5. HP: 21/31 MP: 5/8
  3743 | D:3      | Noticed an ogre
  3768 | D:3      | Killed an ogre
  3769 | D:3      | Reached XP level 6. HP: 36/36 MP: 2/10
  4042 | D:3      | Reached skill level 5 in Stealth
  4421 | D:3      | Reached XP level 7. HP: 41/41 MP: 9/11
  4539 | D:3      | Noticed Grinder
  4604 | D:3      | Killed Grinder
  4855 | D:3      | Found a white marble altar of Elyvilon.
  5334 | D:3      | Reached skill level 6 in Stealth
  5484 | D:3      | Learned a level 3 spell: Conjure Flame
  5928 | D:4      | Slain by a gnoll

Illustrated notes

Levels and vault maps discovered:
D:1:      dpeg_arrival_central, layout_basic,
          hellmonk_ecumenical_altar_arch_garden, minmay_misc_feat_tower
D:2:      layout_basic
D:3:      lemuel_castle_with_subvaults [lemuel_castle_interior_carwin_1],
          layout_loops_ring, mainiacjoe_overflow_paths, uniq_grinder
D:4:      layout_basic, cheibrodos_sewer_entry_sluice

Skill      XL: |  1  2  3  4  5  6  7 |
---------------+----------------------+-----
Stealth        | 3 4 5 6 |  6.0
Conjurations   | 2 3 |  3.8
Dodging        | 3 4 |  4.3
Spellcasting   | 3 |  3.8
Fire Magic     | 4 |  4.8

Action                   |  1- 3 |  4- 6 |  7- 9 || total
-------------------------+-------+-------+-------++-------
Melee: Hand axe          |    12 |       |       ||    12
       Constrict         |    11 |    10 |    13 ||    34
       Tentacles         |     8 |    10 |     9 ||    27
       Dagger            |    55 |    39 |    41 ||   135
       Short sword       |     2 |       |       ||     2
       Punch             |     1 |       |       ||     1
 Cast: Foxfire           |    18 |    59 |    49 ||   126
 Stab: Sleeping          |    11 |     2 |     1 ||    14
Armor: Skin              |     4 |     6 |     1 ||    11
Dodge: Dodged            |    32 |    23 |    41 ||    96
